Map: Photon Cycles

Players

PiPuxD

  • Race: Protoss Protoss
  • League: Gold

MattBarry

  • Race: Protoss Protoss
  • League: Gold

VOD

Have the link to the VOD?

Description

Time

  • Played on: Feb. 13, 2023, 12:26 a.m.
  • Length: 24:53
Show
View Real Time Build Order
Export as new Build Order

PiPuxD Protoss 

Build Orders:  

Get SALT Encoding   

Show
View Real Time Build Order
Export as new Build Order

MattBarry Protoss 

Build Orders:  

Get SALT Encoding   

    1:04  Unknown  
    1:08  Unknown x107  
    1:09  Unknown x110  
    1:10  Unknown x115  
    1:11  Unknown x107  
    1:12  Unknown x114  
    1:13  Unknown x110  
    1:14  Unknown x109  
    1:15  Unknown x114  
    1:16  Unknown x109  
    1:17  Unknown x115  
    1:18  Unknown x100  
    1:23  Unknown  
    1:27  Unknown x87  
    1:28  Unknown x109  
    1:29  Unknown x109  
    1:30  Unknown x114  
    1:31  Unknown x110  
    1:32  Unknown x114  
    1:33  Unknown x108  
    1:34  Unknown x110  
    1:35  Unknown x115  
    1:36  Unknown x109  
    1:37  Unknown x114  
    1:38  Unknown x108  
    1:39  Unknown x108  
    1:40  Unknown x114  
    1:41  Unknown x89  
    1:46  Unknown  
    1:50  Unknown x97  
    1:51  Unknown x108  
    1:52  Unknown x115  
    1:53  Unknown x108  
    1:54  Unknown x109  
    1:55  Unknown x114  
    1:56  Unknown x110  
    1:57  Unknown x114  
    1:58  Unknown x109  
    1:59  Unknown x109  
    2:00  Unknown x113  
    2:01  Unknown x90  
    2:06  Unknown  
    2:10  Unknown x92  
    2:11  Unknown x110  
    2:12  Unknown x113  
    2:13  Unknown x109  
    2:14  Unknown x110  
    2:15  Unknown x114  
    2:16  Unknown x110  
    2:17  Unknown x114  
    2:18  Unknown x110  
    2:19  Unknown x110  
    2:20  Unknown x114  
    2:21  Unknown x109  
    2:22  Unknown x112  
    2:23  Unknown x109  
    2:24  Unknown x110  
    2:25  Unknown x114  
    2:26  Unknown x109  
    2:27  Unknown x114  
    2:28  Unknown x110  
    2:29  Unknown x109  
    2:30  Unknown x114  
    2:31  Unknown x110  
    2:32  Unknown x115  
    2:33  Unknown x108  
    2:34  Unknown x109  
    2:35  Unknown x114  
    2:36  Unknown x15  
    2:41  Unknown  
    2:44  Unknown x52  
    2:45  Unknown x113  
    2:46  Unknown x110  
    2:47  Unknown x114  
    2:48  Unknown x108  
    2:49  Unknown x110  
    2:50  Unknown x113  
    2:51  Unknown x110  
    2:52  Unknown x25  
    2:57  Unknown  
    3:00  Unknown x47  
    3:01  Unknown x110  
    3:02  Unknown x20  
    3:07  Unknown  
    3:10  Unknown x52  
    3:11  Unknown x110  
    3:12  Unknown x115  
    3:13  Unknown x110  
    3:14  Unknown x109  
    3:15  Unknown x114  
    3:16  Unknown x110  
    3:17  Unknown x115  
    3:18  Unknown x109  
    3:19  Unknown x110  
    3:20  Unknown x114  
    3:21  Unknown x109  
    3:22  Unknown x114  
    3:23  Unknown x110  
    3:24  Unknown x125  
    3:25  Unknown x229  
    3:26  Unknown x215  
    3:27  Unknown x115  
    3:28  Unknown x5  
    3:33  Unknown  
    3:36  Unknown x62  
    3:37  Unknown x114  
    3:38  Unknown x109  
    3:39  Unknown x109  
    3:40  Unknown x114  
    3:41  Unknown x108  
    3:42  Unknown x115  
    3:43  Unknown x109  
    3:44  Unknown x109  
    3:45  Unknown x207  
    3:46  Unknown x139  
    3:51  Unknown  
    3:55  Unknown x112  
    3:56  Unknown x109  
    4:02  Unknown  
    4:05  Unknown x72  
    4:06  Unknown x108  
    4:07  Unknown x113  
    4:08  Unknown x109  
    4:09  Unknown x109  
    4:10  Unknown x112  
    4:11  Unknown x108  
    4:12  Unknown x114  
    4:13  Unknown x109  
    4:14  Unknown x109  
    4:15  Unknown x114  
    4:16  Unknown x109  
    4:17  Unknown x84  
    4:22  Unknown  
    4:26  Unknown x101  
    4:27  Unknown x114  
    4:28  Unknown x110  
    4:29  Unknown x109  
    4:30  Unknown x115  
    4:31  Unknown x110  
    4:32  Unknown x114  
    4:33  Unknown x109  
    4:34  Unknown x109  
    4:35  Unknown x65  
    4:40  Unknown  
    4:43  Unknown x7  
    4:44  Unknown x110  
    4:45  Unknown x114  
    4:46  Unknown x109  
    4:47  Unknown x115  
    4:48  Unknown x109  
    4:49  Unknown x109  
    4:50  Unknown x115  
    4:51  Unknown x110  
    4:52  Unknown x114  
    4:53  Unknown x110  
    4:54  Unknown x110  
    4:55  Unknown x113  
    4:56  Unknown x189  
    4:57  Unknown x229  
    4:58  Unknown x149  
    4:59  Unknown x108  
    5:00  Unknown x114  
    5:01  Unknown x110  
    5:02  Unknown x114  
    5:03  Unknown x110  
    5:04  Unknown x109  
    5:05  Unknown x114  
    5:06  Unknown x108  
    5:07  Unknown x114  
    5:08  Unknown x25  
    5:13  Unknown  
    5:16  Unknown x47  
    5:17  Unknown x113  
    5:18  Unknown x106  
    5:19  Unknown x110  
    5:20  Unknown x114  
    5:21  Unknown x108  
    5:22  Unknown x114  
    5:23  Unknown x110  
    5:24  Unknown x107  
    5:25  Unknown x115  
    5:26  Unknown x108  
    5:27  Unknown x113  
    5:28  Unknown x209  
    5:29  Unknown x50  
    5:34  Unknown  
    5:37  Unknown x52  
    5:38  Unknown x107  
    5:39  Unknown x110  
    5:40  Unknown x114  
    5:41  Unknown x109  
    5:42  Unknown x115  
    5:43  Unknown x109  
    5:44  Unknown x110  
    5:45  Unknown x113  
    5:46  Unknown x109  
    5:47  Unknown x115  
    5:48  Unknown x109  
    5:49  Unknown x15  
    5:54  Unknown  
    5:57  Unknown x57  
    5:58  Unknown x109  
    5:59  Unknown x5  
    6:04  Unknown  
    6:07  Unknown x67  
    6:08  Unknown x110  
    6:09  Unknown x100  
    6:14  Unknown  
    6:18  Unknown x82  
    6:19  Unknown x109  
    6:20  Unknown x114  
    6:21  Unknown x110  
    6:22  Unknown x114  
    6:23  Unknown x108  
    6:24  Unknown x110  
    6:25  Unknown x114  
    6:26  Unknown x108  
    6:27  Unknown x113  
    6:28  Unknown x75  
    6:33  Unknown  
    6:37  Unknown x107  
    6:38  Unknown x109  
    6:39  Unknown x109  
    6:40  Unknown x115  
    6:41  Unknown x109  
    6:42  Unknown x115  
    6:43  Unknown x108  
    6:44  Unknown x148  
    6:45  Unknown x89  
    6:50  Unknown  
    6:53  Unknown x27  
    6:54  Unknown x109  
    6:55  Unknown x114  
    6:56  Unknown x106  
    6:57  Unknown x113  
    6:58  Unknown x106  
    6:59  Unknown x110  
    7:00  Unknown x113  
    7:01  Unknown x55  
    7:06  Unknown  
    7:09  Unknown x12  
    7:10  Unknown x115  
    7:11  Unknown x110  
    7:12  Unknown x115  
    7:13  Unknown x40  
    7:18  Unknown  
    7:21  Unknown x27  
    7:22  Unknown x115  
    7:23  Unknown x110  
    7:24  Unknown x110  
    7:25  Unknown x20  
    7:30  Unknown  
    7:33  Unknown x52  
    7:34  Unknown x110  
    7:35  Unknown x114  
    7:36  Unknown x110  
    7:37  Unknown x114  
    7:38  Unknown x110  
    7:39  Unknown x110  
    7:40  Unknown x115  
    7:41  Unknown x110  
    7:42  Unknown x115  
    7:43  Unknown x109  
    7:44  Unknown x110  
    7:45  Unknown x115  
    7:46  Unknown x109  
    7:47  Unknown x115  
    7:48  Unknown x110  
    7:49  Unknown x109  
    7:50  Unknown x115  
    7:51  Unknown x110  
    7:52  Unknown x115  
    7:53  Unknown x109  
    7:54  Unknown x110  
    7:55  Unknown x114  
    7:56  Unknown x109  
    7:57  Unknown x115  
    7:58  Unknown x108  
    7:59  Unknown x110  
    8:00  Unknown x114  
    8:01  Unknown x109  
    8:02  Unknown x15  
    8:07  Unknown  
    8:10  Unknown x62  
    8:11  Unknown x110  
    8:12  Unknown x114  
    8:13  Unknown x109  
    8:14  Unknown x106  
    8:15  Unknown x115  
    8:16  Unknown x109  
    8:17  Unknown x114  
    8:18  Unknown x110  
    8:19  Unknown x109  
    8:20  Unknown x115  
    8:21  Unknown x110  
    8:22  Unknown x115  
    8:23  Unknown x109  
    8:24  Unknown x110  
    8:25  Unknown x114  
    8:26  Unknown x110  
    8:27  Unknown x114  
    8:28  Unknown x110  
    8:29  Unknown x110  
    8:30  Unknown x114  
    8:31  Unknown x110  
    8:32  Unknown x115  
    8:33  Unknown x108  
    8:34  Unknown x110  
    8:35  Unknown x114  
    8:36  Unknown x110  
    8:37  Unknown x115  
    8:38  Unknown x109  
    8:39  Unknown x109  
    8:40  Unknown x115  
    8:41  Unknown x109  
    8:42  Unknown x115  
    8:43  Unknown x110  
    8:44  Unknown x109  
    8:45  Unknown x114  
    8:46  Unknown x110  
    8:47  Unknown x114  
    8:48  Unknown x110  
    8:49  Unknown x109  
    8:50  Unknown x115  
    8:51  Unknown x110  
    8:52  Unknown x124  
    8:57  Unknown  
    9:01  Unknown x107  
    9:02  Unknown x114  
    9:03  Unknown x110  
    9:04  Unknown x109  
    9:05  Unknown x114  
    9:06  Unknown x109  
    9:07  Unknown x115  
    9:08  Unknown x109  
    9:09  Unknown x110  
    9:10  Unknown x114  
    9:11  Unknown x110  
    9:12  Unknown x115  
    9:13  Unknown x108  
    9:14  Unknown x109  
    9:15  Unknown x114  
    9:16  Unknown x109  
    9:17  Unknown x114  
    9:18  Unknown x130  
    9:19  Unknown x217  
    9:20  Unknown x170  
    9:25  Unknown  
    9:29  Unknown x101  
    9:30  Unknown x115  
    9:31  Unknown x108  
    9:32  Unknown x115  
    9:33  Unknown x109  
    9:34  Unknown x110  
    9:35  Unknown x114  
    9:36  Unknown x108  
    9:37  Unknown x115  
    9:38  Unknown x110  
    9:39  Unknown x110  
    9:40  Unknown x114  
    9:41  Unknown x110  
    9:42  Unknown x115  
    9:43  Unknown x110  
    9:44  Unknown x135  
    9:45  Unknown x70  
    9:50  Unknown  
    9:53  Unknown x42  
    9:54  Unknown x109  
    9:55  Unknown x113  
    9:56  Unknown x108  
    9:57  Unknown x115  
    9:58  Unknown x108  
    9:59  Unknown x109  
    10:00  Unknown x113  
    10:01  Unknown x110  
    10:02  Unknown x114  
    10:03  Unknown x50  
    10:08  Unknown  
    10:11  Unknown x17  
    10:12  Unknown x114  
    10:13  Unknown x109  
    10:14  Unknown x109  
    10:15  Unknown x115  
    10:16  Unknown x109  
    10:17  Unknown x115  
    10:18  Unknown x109  
    10:19  Unknown x107  
    10:20  Unknown x114  
    10:21  Unknown x110  
    10:22  Unknown x114  
    10:23  Unknown x109  
    10:24  Unknown x15  
    10:29  Unknown  
    10:32  Unknown x57  
    10:33  Unknown x109  
    10:34  Unknown x109  
    10:35  Unknown x113  
    10:36  Unknown x109  
    10:37  Unknown x115  
    10:38  Unknown x107  
    10:39  Unknown x109  
    10:40  Unknown x115  
    10:41  Unknown x109  
    10:42  Unknown x113  
    10:43  Unknown x110  
    10:44  Unknown x110  
    10:45  Unknown x114  
    10:46  Unknown x110  
    10:47  Unknown x115  
    10:48  Unknown x109  
    10:49  Unknown x110  
    10:50  Unknown x115  
    10:51  Unknown x109  
    10:52  Unknown x115  
    10:53  Unknown x110  
    10:54  Unknown x110  
    10:55  Unknown x115  
    10:56  Unknown x109  
    10:57  Unknown x115  
    10:58  Unknown x110  
    10:59  Unknown x110  
    11:00  Unknown x115  
    11:01  Unknown x109  
    11:02  Unknown x113  
    11:03  Unknown x108  
    11:04  Unknown x109  
    11:05  Unknown x70  
    11:10  Unknown  
    11:13  Unknown x2  
    11:14  Unknown x109  
    11:15  Unknown x114  
    11:16  Unknown x108  
    11:17  Unknown x114  
    11:18  Unknown x109  
    11:19  Unknown x109  
    11:20  Unknown x115  
    11:21  Unknown x10  
    11:26  Unknown  
    11:29  Unknown x62  
    11:30  Unknown x115  
    11:31  Unknown x110  
    11:32  Unknown x114  
    11:33  Unknown x110  
    11:34  Unknown x110  
    11:35  Unknown x113  
    11:36  Unknown x110  
    11:37  Unknown x114  
    11:38  Unknown x110  
    11:39  Unknown x107  
    11:40  Unknown x110  
    11:41  Unknown x104  
    11:47  Unknown  
    11:50  Unknown x77  
    11:51  Unknown x110  
    11:52  Unknown x114  
    11:53  Unknown x110  
    11:54  Unknown x110  
    11:55  Unknown x114  
    11:56  Unknown x110  
    11:57  Unknown x165  
    11:58  Unknown x219  
    11:59  Unknown x185  
    12:00  Unknown x114  
    12:01  Unknown x110  
    12:02  Unknown x5  
    12:07  Unknown  
    12:10  Unknown x72  
    12:11  Unknown x110  
    12:12  Unknown x95  
    12:17  Unknown  
    12:21  Unknown x87  
    12:22  Unknown x115  
    12:23  Unknown x75  
    12:28  Unknown  
    12:32  Unknown x107  
    12:33  Unknown x110  
    12:34  Unknown x60  
    12:39  Unknown  
    12:42  Unknown x12  
    12:43  Unknown x110  
    12:44  Unknown x110  
    12:45  Unknown x45  
    12:50  Unknown  
    12:53  Unknown x27  
    12:54  Unknown x110  
    12:55  Unknown x114  
    12:56  Unknown x25  
    13:01  Unknown  
    13:04  Unknown x42  
    13:05  Unknown x115  
    13:06  Unknown x110  
    13:07  Unknown x10  
    13:12  Unknown  
    13:15  Unknown x62  
    13:16  Unknown x110  
    13:17  Unknown x105  
    13:22  Unknown  
    13:26  Unknown x47  
    13:31  Unknown  
    13:35  Unknown x45  
    13:40  Unknown  
    13:43  Unknown x17  
    13:44  Unknown x30  
    13:49  Unknown  
    13:52  Unknown x47  
    13:53  Unknown x109  
    13:54  Unknown x109  
    13:55  Unknown x113  
    13:56  Unknown x109  
    13:57  Unknown x114  
    13:58  Unknown x103  
    13:59  Unknown x5  
    14:04  Unknown  
    14:07  Unknown x67  
    14:08  Unknown x110  
    14:09  Unknown x109  
    14:10  Unknown x115  
    14:11  Unknown x110  
    14:12  Unknown x114  
    14:13  Unknown x109  
    14:14  Unknown x110  
    14:15  Unknown x159  
    14:16  Unknown x50  
    14:21  Unknown  
    14:24  Unknown x42  
    14:25  Unknown x115  
    14:26  Unknown x110  
    14:27  Unknown x114  
    14:28  Unknown x110  
    14:29  Unknown x110  
    14:30  Unknown x115  
    14:31  Unknown x109  
    14:32  Unknown x114  
    14:33  Unknown x110  
    14:34  Unknown x109  
    14:35  Unknown x114  
    14:36  Unknown x110  
    14:37  Unknown x115  
    14:38  Unknown x109  
    14:39  Unknown x110  
    14:40  Unknown x114  
    14:41  Unknown x109  
    14:42  Unknown x115  
    14:43  Unknown x164  
    14:44  Unknown x219  
    14:45  Unknown x185  
    14:46  Unknown x110  
    14:47  Unknown x114  
    14:48  Unknown x110  
    14:49  Unknown x110  
    14:50  Unknown x115  
    14:51  Unknown x110  
    14:52  Unknown x114  
    14:53  Unknown x110  
    14:54  Unknown x109  
    15:00  Unknown  
    15:03  Unknown x72  
    15:04  Unknown x110  
    15:05  Unknown x114  
    15:06  Unknown x110  
    15:07  Unknown x115  
    15:08  Unknown x110  
    15:09  Unknown x110  
    15:10  Unknown x114  
    15:11  Unknown x110  
    15:12  Unknown x114  
    15:13  Unknown x110  
    15:14  Unknown x109  
    15:15  Unknown x115  
    15:16  Unknown x108  
    15:17  Unknown x114  
    15:18  Unknown x110  
    15:19  Unknown x109  
    15:20  Unknown x115  
    15:21  Unknown x110  
    15:22  Unknown x115  
    15:23  Unknown x109  
    15:24  Unknown x109  
    15:25  Unknown x114  
    15:26  Unknown x110  
    15:27  Unknown x115  
    15:28  Unknown x110  
    15:29  Unknown x109  
    15:30  Unknown x115  
    15:31  Unknown x109  
    15:32  Unknown x115  
    15:33  Unknown x110  
    15:34  Unknown x44  
    15:39  Unknown  
    15:42  Unknown x27  
    15:43  Unknown x110  
    15:44  Unknown x109  
    15:45  Unknown x25  
    15:50  Unknown  
    15:53  Unknown x47  
    15:54  Unknown x110  
    15:55  Unknown x115  
    15:56  Unknown x110  
    15:57  Unknown x113  
    15:58  Unknown x110  
    15:59  Unknown x110  
    16:00  Unknown x114  
    16:01  Unknown x110  
    16:02  Unknown x115  
    16:03  Unknown x110  
    16:04  Unknown x110  
    16:05  Unknown x115  
    16:06  Unknown x109  
    16:07  Unknown x115  
    16:08  Unknown x110  
    16:09  Unknown x109  
    16:10  Unknown x115  
    16:11  Unknown x95  
    16:16  Unknown  
    16:20  Unknown x87  
    16:21  Unknown x110  
    16:22  Unknown x114  
    16:23  Unknown x108  
    16:24  Unknown x110  
    16:25  Unknown x115  
    16:26  Unknown x109  
    16:27  Unknown x115  
    16:28  Unknown x75  
    16:33  Unknown  
    16:37  Unknown x112  
    16:38  Unknown x110  
    16:39  Unknown x49  
    16:44  Unknown  
    16:47  Unknown x27  
    16:48  Unknown x110  
    16:49  Unknown x110  
    16:50  Unknown x115  
    16:51  Unknown x109  
    16:52  Unknown x115  
    16:53  Unknown x110  
    16:54  Unknown x110  
    16:55  Unknown x114  
    16:56  Unknown x110  
    16:57  Unknown x114  
    16:58  Unknown x109  
    16:59  Unknown x110  
    17:00  Unknown x114  
    17:01  Unknown x110  
    17:02  Unknown x114  
    17:03  Unknown x109  
    17:04  Unknown x109  
    17:05  Unknown x115  
    17:06  Unknown x110  
    17:07  Unknown x114  
    17:08  Unknown x110  
    17:09  Unknown x110  
    17:10  Unknown x114  
    17:11  Unknown x109  
    17:12  Unknown x115  
    17:13  Unknown x110  
    17:14  Unknown x109  
    17:15  Unknown x115  
    17:16  Unknown x110  
    17:17  Unknown x115  
    17:18  Unknown x5  
    17:23  Unknown  
    17:26  Unknown x67  
    17:27  Unknown x115  
    17:28  Unknown x110  
    17:29  Unknown x109  
    17:30  Unknown x113  
    17:31  Unknown x110  
    17:32  Unknown x115  
    17:33  Unknown x110  
    17:34  Unknown x110  
    17:35  Unknown x115  
    17:36  Unknown x69  
    17:41  Unknown  
    17:45  Unknown x112  
    17:46  Unknown x110  
    17:47  Unknown x113  
    17:48  Unknown x109  
    17:49  Unknown x110  
    17:50  Unknown x115  
    17:51  Unknown x109  
    17:52  Unknown x114  
    17:53  Unknown x110  
    17:54  Unknown x109  
    17:55  Unknown x115  
    17:56  Unknown x109  
    17:57  Unknown x115  
    17:58  Unknown x109  
    17:59  Unknown x110  
    18:00  Unknown x115  
    18:01  Unknown x110  
    18:02  Unknown x114  
    18:03  Unknown x109  
    18:04  Unknown x110  
    18:05  Unknown x115  
    18:06  Unknown x109  
    18:07  Unknown x115  
    18:08  Unknown x104  
    18:09  Unknown x109  
    18:10  Unknown x20  
    18:15  Unknown  
    18:18  Unknown x52  
    18:19  Unknown x109  
    18:20  Unknown x115  
    18:21  Unknown x110  
    18:22  Unknown x113  
    18:23  Unknown x109  
    18:24  Unknown x109  
    18:25  Unknown x115  
    18:26  Unknown x110  
    18:27  Unknown x114  
    18:28  Unknown x109  
    18:29  Unknown x109  
    18:30  Unknown x70  
    18:35  Unknown  
    18:38  Unknown x2  
    18:39  Unknown x110  
    18:40  Unknown x115  
    18:41  Unknown x50  
    18:46  Unknown  
    18:49  Unknown x17  
    18:50  Unknown x115  
    18:51  Unknown x110  
    18:52  Unknown x114  
    18:53  Unknown x110  
    18:54  Unknown x109  
    18:55  Unknown x115  
    18:56  Unknown x80  
    19:01  Unknown  
    19:05  Unknown x102  
    19:06  Unknown x110  
    19:07  Unknown x114  
    19:08  Unknown x110  
    19:09  Unknown x55  
    19:14  Unknown  
    19:17  Unknown x22  
    19:18  Unknown x40  
    19:23  Unknown  
    19:26  Unknown x32  
    19:27  Unknown x115  
    19:28  Unknown x108  
    19:29  Unknown x109  
    19:30  Unknown x115  
    19:31  Unknown x110  
    19:32  Unknown x114  
    19:33  Unknown x110  
    19:34  Unknown x110  
    19:35  Unknown x115  
    19:36  Unknown x109  
    19:37  Unknown x115  
    19:38  Unknown x110  
    19:39  Unknown x110  
    19:40  Unknown x115  
    19:41  Unknown x109  
    19:42  Unknown x115  
    19:43  Unknown x109  
    19:44  Unknown x59  
    19:49  Unknown  
    19:52  Unknown x17  
    19:53  Unknown x110  
    19:54  Unknown x110  
    19:55  Unknown x114  
    19:56  Unknown x110  
    19:57  Unknown x115  
    19:58  Unknown x110  
    19:59  Unknown x110  
    20:00  Unknown x111  
    20:01  Unknown x110  
    20:02  Unknown x115  
    20:03  Unknown x110  
    20:04  Unknown x109  
    20:05  Unknown x134  
    20:06  Unknown x220  
    20:07  Unknown x219  
    20:08  Unknown x110  
    20:09  Unknown x109  
    20:10  Unknown x115  
    20:11  Unknown x110  
    20:12  Unknown x115  
    20:13  Unknown x109  
    20:14  Unknown x108  
    20:15  Unknown x70  
    20:20  Unknown  
    20:23  Unknown x7  
    20:24  Unknown x110  
    20:25  Unknown x114  
    20:26  Unknown x110  
    20:27  Unknown x114  
    20:28  Unknown x110  
    20:29  Unknown x109  
    20:30  Unknown x115  
    20:31  Unknown x110  
    20:32  Unknown x115  
    20:33  Unknown x110  
    20:34  Unknown x109  
    20:35  Unknown x115  
    20:36  Unknown x110  
    20:37  Unknown x5  
    20:42  Unknown  
    20:45  Unknown x67  
    20:46  Unknown x35  
    20:51  Unknown  
    20:54  Unknown x37  
    20:55  Unknown x115  
    20:56  Unknown x110  
    20:57  Unknown x114  
    20:58  Unknown x109  
    20:59  Unknown x110  
    21:00  Unknown x115  
    21:01  Unknown x109  
    21:02  Unknown x115  
    21:03  Unknown x110  
    21:04  Unknown x110  
    21:05  Unknown x114  
    21:06  Unknown x70  
    21:11  Unknown  
    21:15  Unknown x112  
    21:16  Unknown x110  
    21:17  Unknown x115  
    21:18  Unknown x110  
    21:19  Unknown x110  
    21:20  Unknown x115  
    21:21  Unknown x109  
    21:22  Unknown x115  
    21:23  Unknown x109  
    21:24  Unknown x110  
    21:25  Unknown x104  
    21:30  Unknown  
    21:34  Unknown x77  
    21:35  Unknown x114  
    21:36  Unknown x110  
    21:37  Unknown x115  
    21:38  Unknown x109  
    21:39  Unknown x30  
    21:44  Unknown  
    21:47  Unknown x47  
    21:48  Unknown x110  
    21:49  Unknown x109  
    21:50  Unknown x115  
    21:51  Unknown x109  
    21:52  Unknown x114  
    21:53  Unknown x110  
    21:54  Unknown x110  
    21:55  Unknown x114  
    21:56  Unknown x110  
    21:57  Unknown x115  
    21:58  Unknown x110  
    21:59  Unknown x109  
    22:00  Unknown x115  
    22:01  Unknown x109  
    22:02  Unknown x115  
    22:03  Unknown x110  
    22:04  Unknown x109  
    22:05  Unknown x115  
    22:06  Unknown x109  
    22:07  Unknown x116  
    22:08  Unknown x109  
    22:09  Unknown x110  
    22:10  Unknown x114  
    22:11  Unknown x109  
    22:12  Unknown x115  
    22:13  Unknown x110  
    22:14  Unknown x82  
    22:19  Unknown  
    22:23  Unknown x96  
    22:24  Unknown x109  
    22:25  Unknown x115  
    22:26  Unknown x109  
    22:27  Unknown x115  
    22:28  Unknown x110  
    22:29  Unknown x109  
    22:30  Unknown x114  
    22:31  Unknown x110  
    22:32  Unknown x114  
    22:33  Unknown x24  
    22:38  Unknown  
    22:41  Unknown x42  
    22:42  Unknown x115  
    22:43  Unknown x110  
    22:44  Unknown x110  
    22:45  Unknown x114  
    22:46  Unknown x110  
    22:47  Unknown x115  
    22:48  Unknown x110  
    22:49  Unknown x110  
    22:50  Unknown x115  
    22:51  Unknown x10  
    22:56  Unknown  
    22:59  Unknown x62  
    23:00  Unknown x115  
    23:01  Unknown x110  
    23:02  Unknown x115  
    23:03  Unknown x109  
    23:04  Unknown x110  
    23:05  Unknown x114  
    23:06  Unknown x109  
    23:07  Unknown x115  
    23:08  Unknown x110  
    23:09  Unknown x109  
    23:10  Unknown x115  
    23:11  Unknown x109  
    23:12  Unknown x114  
    23:13  Unknown x109  
    23:14  Unknown x109  
    23:15  Unknown x115  
    23:16  Unknown x110  
    23:17  Unknown x115  
    23:18  Unknown x109  
    23:19  Unknown x109  
    23:20  Unknown x114  
    23:21  Unknown x110  
    23:22  Unknown x115  
    23:23  Unknown x109  
    23:24  Unknown x110  
    23:25  Unknown x114  
    23:26  Unknown x109  
    23:27  Unknown x115  
    23:28  Unknown x110  
    23:29  Unknown x10  
    23:34  Unknown  
    23:37  Unknown x62  
    23:38  Unknown x110  
    23:39  Unknown x105  
    23:45  Unknown  
    23:48  Unknown x77  
    23:49  Unknown x110  
    23:50  Unknown x90  
    23:55  Unknown  
    23:59  Unknown x92  
    24:00  Unknown x115  
    24:01  Unknown x70  
    24:06  Unknown  
    24:10  Unknown x112  
    24:11  Unknown x110  
    24:12  Unknown x55  
    24:17  Unknown  
    24:20  Unknown x17  
    24:21  Unknown x110  
    24:22  Unknown x115  
    24:23  Unknown x35  
    24:28  Unknown  
    24:31  Unknown x32  
    24:32  Unknown x115  
    24:33  Unknown x110  
    24:34  Unknown x20  
    24:39  Unknown  
    24:42  Unknown x52  
    24:43  Unknown x110  
    24:44  Unknown x110  
    24:45  Unknown x5  
    24:50  Unknown  
    24:53  Unknown x62  
Tags
 
League
GoldGold
Matchup
PvP
Replay Pack
Multiplayer
Add a new tag
Caveats
  • Supply blocks, unpowered buildings, or Contaminate may cause inaccurate times.
  • Supply counts are checked every 10 seconds.